 Dungeon Crawl Stone Soup version 0.31-a0-851-g7ff8af7976 (webtiles) character file.

Game seed: 4458581599868873683

143227 Armakuni the Cryomancer (level 17, -10/106 HPs)
             Began as a Human Artificer on Oct 5, 2023.
             Was a Follower of the Shining One.
             Shot with an arrow by Vashnia (38 damage)
             ... on level 4 of the Snake Pit on Oct 7, 2023.
             The game lasted 01:54:09 (37021 turns).

Armakuni the Cryomancer (Human Artificer)          Turns: 37021, Time: 01:54:09

Health: -10/106    AC: 11    Str: 16    XL:     17   Next: 99%
Magic:  26/26      EV: 12    Int: 17    God:    the Shining One [*.....]
Gold:   648        SH:  0    Dex: 16    Spells: 9/24 levels left

rFire   . . .        a - staff of cold
rCold   + + +        m - orb {*Rage}
rNeg    . . .        l - +4 skin of Zhor {*Englaciate rC+++ SInv}
rPois   +            T - +2 hat
rElec   +            Q - scarf of Chimes {shadows, rElec Will+ Dex+3}
rCorr   .            (no gloves)
SInv    +            i - +2 pair of boots of Kafell {rElec}
Will    ++...        R - amulet of regeneration
Stlth   +            S - +4 ring of slaying
HPRegen 1.17/turn    P - ring of poison resistance
MPRegen 0.20/turn

%: random rage (20%)
@: on berserk cooldown, slowed, glowing, very slow
A: no striking features
a: Renounce Religion, Divine Shield


You were on level 4 of the Snake Pit.
You worshipped the Shining One.
The Shining One was aware of your devotion.
You visited 5 branches of the dungeon, and saw 26 of its levels.
You visited the Abyss 1 time.
You also visited: Bailey and Ice Cave.

You collected 2380 gold pieces.
You spent 1732 gold pieces at shops.

Inventory:

Hand Weapons
 z - a +4 demon trident of draining
Missiles
 b - 3 curare-tipped darts (quivered)
 g - 7 throwing nets
Armour
 i - the +2 pair of boots of Kafell (worn) {rElec}
   (You acquired it on level 10 of the Dungeon)

   rElec:     It insulates you from electricity.
 l - the +4 skin of Zhor (worn) {*Englaciate rC+++ SInv}
   (You found it in an ice cave)

   *Englaciate: It radiates cold, occasionally slowing all nearby creatures who
   are not resistant to cold.
   rC+++:     It renders you almost immune to cold.
   SInv:      It lets you see invisible.
 m - an orb of wrath (worn)
 C - a +1 cloak of preservation
 Q - the scarf of Chimes (worn) {shadows, rElec Will+ Dex+3}
   (You bought it in a shop on level 2 of the Orcish Mines)

   Dex+3:     It affects your dexterity (+3).
   rElec:     It insulates you from electricity.
   Will+:     It increases your willpower.
 T - a +2 hat (worn)
Magical Staves
 a - a staff of cold (weapon)
Jewellery
 E - a +5 ring of evasion
 O - a ring of protection from fire
 P - a ring of poison resistance (right hand)
 R - an amulet of regeneration (around neck)
 S - a +4 ring of slaying (left hand)
 W - a ring of willpower
Wands
 h - a wand of paralysis (12)
 j - a wand of iceblast (24)
 k - a wand of digging (7)
 v - a wand of flame (20)
 B - a wand of mindburst (15)
Scrolls
 e - a scroll of fog
 f - a scroll of blinking
 n - 4 scrolls of poison
 p - 5 scrolls of teleportation
 s - a scroll of amnesia
 u - 3 scrolls of revelation
 w - 2 scrolls of enchant weapon
 y - 4 scrolls of noise
 F - 2 scrolls of enchant armour
 J - 3 scrolls of identify
 K - 2 scrolls of fear
 U - a scroll of silence
 V - a scroll of vulnerability
Potions
 d - 3 potions of resistance
 o - 3 potions of attraction
 q - 3 potions of haste
 r - a potion of cancellation
 t - 2 potions of enlightenment
 x - 4 potions of might
 A - a potion of invisibility
 D - 4 potions of lignification
 G - 7 potions of heal wounds
 H - a potion of berserk rage
 L - 5 potions of curing
 M - a potion of ambrosia
 N - 2 potions of mutation
 X - a potion of brilliance
Miscellaneous
 c - a condenser vane
 I - a phantom mirror


   Skills:
 - Level 2.0 Fighting
 - Level 2.0(7.8) Maces & Flails
 - Level 11.9(12.0) Staves
 - Level 2.0 Armour
 - Level 2.0 Dodging
 - Level 1.0 Stealth
 - Level 4.0 Spellcasting
 - Level 4.0 Conjurations
 - Level 4.0 Hexes
 + Level 2.3 Translocations
 - Level 22.8 Ice Magic
 - Level 12.1 Invocations
 - Level 10.0 Evocations


You had 9 spell levels left.
You knew the following spells:

 Your Spells              Type           Power      Damage    Failure   Level
a - Apportation           Tloc           22%        N/A       6%          1
b - Blink                 Tloc           22%        N/A       10%         2
h - Hailstorm             Conj/Ice       65%        3d14      1%          3
l - Lesser Beckoning      Tloc           22%        N/A       10%         2
n - Summon Ice Beast      Ice/Summ       58%        N/A       1%          4
o - Ozocubu's Armour      Ice            88%        N/A       0%          3

Your spell library contained the following spells:

 Spells                   Type           Power      Damage    Failure   Level
 Metabolic Englaciation   Hex/Ice        32%        N/A       1%          5
 Foxfire                  Conj/Fire      40%        2x1d6     7%          1
 Momentum Strike          Conj/Tloc      28%        3d8       7%          2
 Sigil of Binding         Hex            17%        N/A       9%          3
 Necrotise                Necr           12%        1d4       16%         1
 Sandblast                Erth           6%         2d5       16%         1
 Summon Small Mammal      Summ           12%        N/A       16%         1
 Stone Arrow              Conj/Erth      20%        3d8       21%         3
 Summon Guardian Golem    Hex/Summ       10%        N/A       21%         3
 Simulacrum               Ice/Necr       29%        N/A       22%         6
 Passwall                 Tmut/Erth      2%         N/A       24%         2
 Sublimation of Blood     Necr           3%         N/A       24%         2
 Volatile Blastmotes      Fire/Tloc      14%        2d11      30%         3
 Cause Fear               Hex            8%         N/A       30%         4
 Fulminant Prism          Conj/Hex       8%         3d6       30%         4
 Dimensional Bullseye     Hex/Tloc       7%         N/A       41%         4
 Iskenderun's Mystic Bla  Conj/Tloc      14%        2d5       41%         4
 Call Canine Familiar     Summ           3%         N/A       43%         3
 Anguish                  Hex/Necr       5%         N/A       56%         4
 Brom's Barrelling Bould  Conj/Erth      10%        2d3       56%         4
 Leda's Liquefaction      Hex/Erth       5%         N/A       56%         4
 Animate Armour           Summ/Erth      6%         N/A       83%         4
 Petrify                  Tmut/Erth      3%         N/A       83%         4
 Summon Lightning Spire   Summ/Air       3%         N/A       83%         4
 Irradiate                Conj/Tmut      5%         3d13      88%         5
 Summon Forest            Summ/Tloc      3%         N/A       95%         5
 Lee's Rapid Deconstruct  Erth           1%         3d4*      99%         5
 Eringya's Noxious Bog    Tmut/Pois      1%         4d6       100%        6
 Plasma Beam              Fire/Air       1%         2x1d11    100%        6
 Starburst                Conj/Fire      5%         6d4       100%        6
 Enfeeble                 Hex            8%         N/A       100%        7
 Summon Hydra             Summ           1%         N/A       100%        7


Dungeon Overview and Level Annotations

Branches:
Dungeon (14/15)            Temple (1/1) D:5            Lair (5/5) D:9
 Shoals (0/4) Lair:3        Snake (4/4) Lair:2        Slime (0/5) Lair:4
    Orc (2/2) D:11            Elf (0/3) Orc:2        Vaults (0/5) D:13
 Bailey (visited)           IceCv (visited)

Altars:
Ashenzari
Cheibriados
Dithmenos
Elyvilon
Fedhas
Gozag
Hepliaklqana
Kikubaaqudgha
Makhleb
Nemelex Xobeh
Okawaru
Qazlal
Ru
Sif Muna
Trog
Uskayaw
Vehumet
Wu Jian
Xom
Yredelemnul
Zin
The Shining One
Jiyva

Shops:
D:3 *[   D:6 [   D:8 (   D:14 *   Orc:2 !!:[[   Snake:4 ::=

Portals:
Pandemonium: Orc:2

Annotations:
Snake:2 2 transporters, exclusion: orange crystal statue
Snake:4 Vashnia


Message History

The naga sharpshooter is lightly wounded.
You hit the naga sharpshooter! You freeze the naga sharpshooter!
The naga sharpshooter is moderately wounded.
The naga sharpshooter casts a spell.
You hit the naga sharpshooter. You freeze the naga sharpshooter!!
The naga sharpshooter is severely wounded.
You hit the naga sharpshooter. You freeze the naga sharpshooter.
The naga sharpshooter is severely wounded.
You hit the naga sharpshooter but do no damage.
You freeze the naga sharpshooter!!
You kill the naga sharpshooter!
Items here: )) [ †.
You feel a strong urge to attack something.
Vashnia the Elite Marksnaga comes into view.
She is wielding a +2 morningstar of freezing and wearing a +0 barding of stealth.
You feel your anger nearly subside.
Vashnia shouts!
You hear a shout!
Vashnia unwields a +2 morningstar of freezing.
Vashnia wields a +0 longbow.
Vashnia mumbles some strange words.
You are no longer berserk.
You are exhausted.
You feel yourself slow down.
A black mamba comes into view.
The black mamba moves out of view.
As you read the scroll of fog, it dissolves into smoke.
Okay, then.
Your attacks no longer feel as feeble.
There is a large open door here.
You see here a salamander corpse.
Items here: )) [[.
Items here: ))) ÷.
Things that are here:
a +0 quarterstaff; a +0 leather armour; a salamander corpse You see here a +0 trident.
As you read the scroll of fog, it dissolves into smoke.
Vashnia shoots an arrow.
The arrow hits you!!
* * * LOW HITPOINT WARNING * * *
Vashnia shoots an arrow.
The arrow hits you!!!
You die...
Vashnia says, "All clear.
Let's check for more."

....#... #.......#...#.......#
........ ####.....##...##.....##
.<###...##..##...####.#)##...##
#..........#######...))).######
#...##..#.......#...####.<....#
................#...# ########
....###...##.#...§..# ♣♣♣♣♣
..#######.....§§§#### ♣...♣♣
..............§§@§.########♣..∩.♣
...####......)§§#§§.......#♣.....
........##...#####)...###..†.⌠.∩.
................÷.))..# #.#♣.....
..#...######...####N..# #.#♣..∩.♣
......# #......))..###.#♣...♣♣
..#...# #..##'†##......#♣♣♣♣♣#
.###### ####.§§§##...#.### ### ##
##..§§§§###.#...# #..


You could see Vashnia.

Vanquished Creatures
  A dread lich (Abyss:2)
  A lich (Abyss:2)
  Aizul (Snake:1)
  Frances (Snake:1)
  2 nagarajas (Snake:3)
  A reaper (IceCv)
  An ice dragon (D:14)
  A yaktaur captain (D:13)
  A demonspawn (Orc:2)
  A rakshasa (Abyss:2)
  7 hydras
  Harold (D:9)
  3 salamander tyrants (Snake:4)
  3 centaur warriors (D:14)
  3 catoblepae (Lair:5)
  2 boulder beetles
  7 anacondas
  An ogre mage (D:14)
  3 two-headed ogres
  4 naga warriors
  10 death yaks
  2 tengu warriors
  6 shock serpents
  Urug (D:10)
  4 orc high priests (Orc:2)
  Sonja (Orc:1)
  5 skeletal warriors (D:12)
  8 naga sharpshooters
  A skyshark (Lair:5)
  4 salamander mystics
  6 naga ritualists
  6 orc knights
  Pikel (D:5)
  2 wizards (D:14)
  5 deep elf pyromancers (D:14)
  9 mana vipers
  2 harpies (Lair:3)
  5 ugly things
  8 orc sorcerers
  4 manticores
  A cyclops (D:14)
  10 salamanders
  A torpor snail (Lair:3)
  15 naga magi
  A rust devil (Orc:2)
  23 black mambas
  12 elephants
  An ice statue (IceCv)
  2 smoke demons (Abyss:2)
  8 cane toads
  An unseen horror (D:12)
  3 rime drakes
  5 komodo dragons
  2 yaktaurs (D:13)
  3 ice devils
  An ancient zyme (Abyss:2)
  A freezing wraith (D:14)
  2 red devils (Orc:2)
  6 trolls
  4 polar bears
  A hornet (D:9)
  12 blink frogs
  A raiju (Abyss:2)
  6 dream sheep
  A vampire (D:13)
  3 slime creatures
  Sigmund (D:2)
  A centaur simulacrum (D:14)
  3 ynoxinuls (Abyss:2)
  8 wyverns
  3 shadows
  2 dire elephant simulacra (IceCv)
  4 basilisks
  59 yaks
  2 wraiths
  A steam dragon (D:10)
  2 death yak simulacra (IceCv)
  A neqoxec (Orc:2)
  Grum (Bailey)
  7 vampire mosquitoes
  Menkaure (D:4)
  A harpy simulacrum (IceCv)
  21 nagas
  A warg (Orc:1)
  14 water moccasins
  2 hydra simulacra (IceCv)
  30 orc warriors
  An ice beast (D:6)
  2 black bears
  A sky beast (D:6)
  3 small abominations (Abyss:2)
  6 ogres
  19 wolves
  11 centaurs
  7 two-headed ogre simulacra (IceCv)
  4 gnoll sergeants (Bailey)
  7 bullfrogs
  A wyvern zombie (D:7)
  3 scorpions
  A cane toad simulacrum (IceCv)
  8 wights
  A water moccasin zombie (D:7)
  A troll zombie (D:11)
  6 killer bees
  2 elephant simulacra (IceCv)
  An electric eel (Lair:3)
  3 howler monkeys
  A bullfrog zombie (D:7)
  2 centaur zombies (D:7)
  7 jellies
  6 gnoll boudas
  27 orc priests
  6 hounds
  A sleepcap (D:5)
  Ijyb (D:5)
  5 iguanas
  15 orc wizards
  2 hell rats (Lair:2)
  A polar bear simulacrum (IceCv)
  5 troll simulacra (IceCv)
  5 spriggan simulacra (IceCv)
  A wolf simulacrum (IceCv)
  7 ogre zombies (D:11)
  3 howler monkey zombies (D:7)
  25 gnolls
  4 adders
  4 naga simulacra (IceCv)
  9 river rats (Lair:2)
  6 white imps
  7 ufetubi
  4 worms (D:3)
  A dart slug (D:3)
  54 orcs
  3 bats
  5 endoplasms
  3 giant cockroaches
  4 goblins
  7 hobgoblins
  9 jackals
  5 quokkas
  5 ball pythons
  4 frilled lizards
  3 goblin skeletons (D:11)
  3 goblin zombies (D:11)
  2 hobgoblin skeletons (D:11)
  5 hobgoblin zombies (D:11)
  8 kobolds
  2 orc skeletons (D:11)
  10 orc zombies (D:11)
  9 rats
810 creatures vanquished.

Vanquished Creatures (collateral kills)
  An elephant (Lair:5)
  A troll (Orc:1)
  A dream sheep (Lair:4)
  A wyvern (Lair:5)
  3 yaks
  A hydra simulacrum (IceCv)
  A wolf (Bailey)
  A bullfrog (Lair:4)
  A cane toad simulacrum (IceCv)
  A gnoll sergeant (Bailey)
  A wight (D:7)
  A jelly (Lair:4)
  An orc priest (Orc:2)
  A gnoll bouda (Bailey)
  A spriggan simulacrum (IceCv)
  6 gnolls
  An orc (Orc:2)
24 creatures vanquished.

Vanquished Creatures (others)
  A raiju (Abyss:2)
  A yak (D:8)
  3 wolves (Bailey)
  A gnoll sergeant (Bailey)
  A wight (D:7)
  A gnoll bouda (Bailey)
  2 river rats (Lair:2)
  A jackal (D:1)
  A rat (D:1)
12 creatures vanquished.

Grand Total: 846 creatures vanquished

Notes
Turn   | Place    | Note
-------+----------+-------------------------------------------
     0 | D:1      | Armakuni the Human Artificer began the quest for the Orb.
     0 | D:1      | Reached XP level 1. HP: 15/15 MP: 1/1
   126 | D:1      | Reached skill level 1 in Maces & Flails
   162 | D:1      | Reached XP level 2. HP: 10/21 MP: 2/2
   653 | D:1      | Reached XP level 3. HP: 26/26 MP: 3/3
  1432 | D:2      | Noticed Sigmund
  1434 | D:2      | Killed Sigmund
  1435 | D:2      | Reached skill level 5 in Evocations
  1435 | D:2      | Reached XP level 4. HP: 33/33 MP: 4/4
  1435 | D:2      | Reached XP level 5. HP: 38/38 MP: 5/5
  2001 | D:3      | Reached XP level 6. HP: 41/44 MP: 6/6
  2105 | D:3      | Reached skill level 1 in Ice Magic
  2273 | D:3      | Learned a level 3 spell: Hailstorm
  2432 | D:3      | Found Uviv's Armour Emporium.
  2553 | D:3      | Found Zin's Purification Station.
  2556 | D:3      | Found a glowing silver altar of Zin.
  2969 | D:4      | Reached skill level 2 in Ice Magic
  2984 | D:4      | Reached XP level 7. HP: 31/50 MP: 7/7
  3293 | D:4      | Reached skill level 3 in Ice Magic
  3810 | D:4      | Noticed Menkaure
  3812 | D:4      | Killed Menkaure
  3844 | D:4      | Reached XP level 8. HP: 48/56 MP: 8/8
  3916 | D:4      | Reached skill level 4 in Ice Magic
  4011 | D:5      | Entered Level 5 of the Dungeon
  4015 | D:5      | Found a staircase to the Ecumenical Temple.
  4016 | D:5      | Found a burning altar of Makhleb.
  4023 | Temple   | Entered the Ecumenical Temple
  4040 | Temple   | Became a worshipper of Elyvilon the Healer
  4217 | D:5      | Noticed Ijyb
  4223 | D:5      | Killed Ijyb
  4487 | D:5      | Found a broken altar of Ashenzari.
  4487 | D:5      | Noticed Pikel
  4532 | D:5      | Reached * piety under Elyvilon
  4605 | D:5      | Reached skill level 5 in Ice Magic
  4767 | D:5      | Killed Pikel
  4768 | D:5      | Reached skill level 6 in Ice Magic
  4768 | D:5      | Reached XP level 9. HP: 42/61 MP: 9/9
  4775 | D:5      | Learned a level 4 spell: Summon Ice Beast
  5005 | D:5      | Found a shimmering blue altar of Sif Muna.
  5587 | D:6      | Reached skill level 1 in Invocations
  5823 | D:6      | Found a blossoming altar of Fedhas.
  6073 | D:6      | Reached ** piety under Elyvilon
  6124 | D:6      | Found Decariz's Antique Armour Emporium.
  6157 | D:6      | Bought a translucent scarf for 270 gold pieces
  6157 | D:6      | Identified the scarf of Farfalle {harm, Str+7 Int-2} (You
                  | bought it in a shop on level 6 of the Dungeon)
  6379 | D:7      | Found a sacrificial altar of Ru.
  6513 | D:7      | Reached skill level 7 in Ice Magic
  6670 | D:7      | Found a basalt altar of Yredelemnul.
  6782 | D:7      | Reached XP level 10. HP: 55/67 MP: 13/13
  6968 | D:7      | Reached skill level 8 in Ice Magic
  7114 | D:7      | Reached skill level 10 in Evocations
  7448 | D:8      | Found Hanuegg's Antique Weapon Boutique.
  7529 | D:8      | Reached skill level 5 in Invocations
  7763 | D:8      | Found a flagged portal.
  7770 | Bailey   | Entered a bailey
  8489 | Bailey   | Noticed Grum
  8525 | Bailey   | Killed Grum
  8814 | Bailey   | Identified the +7 falchion of the Barnacled God {heavy,
                  | Contam Dex+5}
  8925 | Bailey   | Learned a level 1 spell: Apportation
  9050 | D:8      | Reached XP level 11. HP: 6/72 MP: 17/17
  9422 | D:9      | Found a staircase to the Lair.
  9577 | D:9      | Reached skill level 9 in Ice Magic
  9682 | D:9      | Reached skill level 10 in Invocations
  9963 | D:9      | Reached skill level 10 in Ice Magic
 10030 | D:9      | Found a sparkling altar of Nemelex Xobeh.
 10114 | D:9      | Noticed Harold
 10114 | D:9      | Found a hazy altar of Hepliaklqana.
 10127 | D:9      | Killed Harold
 10777 | D:10     | Entered Level 10 of the Dungeon
 10861 | D:10     | Reached *** piety under Elyvilon
 10924 | D:10     | Noticed a boulder beetle
 10932 | D:10     | Killed a boulder beetle
 11110 | D:10     | Noticed Urug
 11118 | D:10     | Killed Urug
 11119 | D:10     | Reached skill level 5 in Staves
 11383 | D:10     | Identified a scroll of acquirement
 11383 | D:10     | Acquired the +2 pair of boots of Kafell {rElec}
 11905 | D:11     | Noticed a brown ugly thing
 11913 | D:11     | Killed a brown ugly thing
 11914 | D:11     | Reached XP level 12. HP: 78/78 MP: 19/19
 12277 | D:11     | Found a staircase to the Orcish Mines.
 13196 | Orc:1    | Entered Level 1 of the Orcish Mines
 13377 | D:6      | Bought a runed cloak for 202 gold pieces
 13464 | Lair:1   | Entered Level 1 of the Lair of Beasts
 13841 | Lair:1   | Reached skill level 10 in Staves
 14300 | Lair:1   | Noticed a four-headed hydra
 14308 | Lair:1   | Killed a four-headed hydra
 14592 | Lair:1   | Reached XP level 13. HP: 83/83 MP: 20/20
 14663 | Lair:1   | Reached skill level 1 in Spellcasting
 15326 | Lair:2   | Noticed a seven-headed hydra
 15535 | Lair:2   | Killed a seven-headed hydra
 15755 | Lair:2   | Found a staircase to the Snake Pit.
 15845 | Lair:2   | Reached skill level 11 in Ice Magic
 15901 | Lair:2   | Identified the +9 shortbow of Moral Flaws {heavy, rC+ Will-
                  | rCorr MP+9}
 16583 | Lair:2   | Learned a level 3 spell: Ozocubu's Armour
 16589 | Lair:2   | Learned a level 5 spell: Metabolic Englaciation
 16687 | Lair:3   | Reached **** piety under Elyvilon
 16876 | Lair:3   | Reached skill level 1 in Hexes
 16924 | Lair:3   | Found a staircase to the Shoals.
 17751 | Lair:3   | Reached skill level 1 in Conjurations
 17751 | Lair:3   | Reached skill level 1 in Translocations
 18344 | Lair:4   | Found a viscous altar of Jiyva.
 18344 | Lair:4   | Found a staircase to the Slime Pits.
 18345 | Lair:4   | Noticed a seven-headed hydra
 18357 | Lair:4   | Killed a seven-headed hydra
 18450 | Lair:4   | Found a hide-covered altar of Uskayaw.
 18511 | Lair:4   | Reached skill level 12 in Ice Magic
 18708 | Lair:3   | Reached XP level 14. HP: 90/90 MP: 17/21
 19108 | Lair:4   | Reached ***** piety under Elyvilon
 19118 | Lair:4   | Reached skill level 13 in Ice Magic
 19774 | Lair:5   | Entered Level 5 of the Lair of Beasts
 19829 | Lair:5   | Reached skill level 14 in Ice Magic
 20555 | Lair:5   | Reached skill level 15 in Ice Magic
 20624 | Lair:5   | Identified the +5 whip of Wu Jian's Inspiration {antimagic,
                  | Stlth+}
 21101 | Lair:5   | Identified the +6 sling of Entrepreneurial Spirit {drain,
                  | Str+3}
 21135 | Lair:5   | Reached XP level 15. HP: 81/95 MP: 19/22
 21193 | Lair:5   | Reached skill level 16 in Ice Magic
 22404 | Orc:2    | Entered Level 2 of the Orcish Mines
 22791 | Orc:1    | Noticed Sonja
 22793 | Orc:1    | Killed Sonja
 23228 | Orc:2    | Found Vangop's Antique Armour Shoppe.
 23241 | Orc:2    | Bought an ancient scarf for 230 gold pieces
 23241 | Orc:2    | Identified the scarf of Chimes {shadows, rElec Will+ Dex+3}
                  | (You bought it in a shop on level 2 of the Orcish Mines)
 23241 | Orc:2    | Bought an embroidered hat for 161 gold pieces
 23616 | Orc:2    | Found a staircase to the Elven Halls.
 23680 | Orc:2    | Reached skill level 17 in Ice Magic
 23780 | Orc:2    | Found Ciwocapp's Distillery.
 23794 | Orc:2    | Found Exkewemp's Distillery.
 23920 | Orc:2    | Bought a potion of heal wounds for 60 gold pieces
 23923 | Orc:2    | Bought a potion of curing for 39 gold pieces
 23923 | Orc:2    | Bought a potion of lignification for 39 gold pieces
 23923 | Orc:2    | Bought a potion of mutation for 104 gold pieces
 25325 | Orc:2    | Reached skill level 18 in Ice Magic
 25537 | Orc:2    | Found Mapraonk's Book Shoppe.
 25537 | Orc:2    | Found a one-way gate leading to the halls of Pandemonium.
 25537 | Orc:2    | Found Cuaheis's Antique Armour Emporium.
 25541 | Orc:2    | Bought an embroidered hat for 203 gold pieces
 25769 | D:8      | Bought a crude hand axe for 288 gold pieces
 25769 | D:8      | Identified the +5 hand axe of Kiudenuc {distort, Stlth+}
                  | (You bought it in a shop on level 8 of the Dungeon)
 25912 | D:12     | Found a frozen archway.
 25987 | IceCv    | Entered an ice cave
 27843 | IceCv    | Found the +4 skin of Zhor {*Englaciate rC+++ SInv}
 28006 | IceCv    | Noticed a reaper
 28040 | IceCv    | Killed a reaper
 28178 | IceCv    | Identified the staff "Veidasip" {rPois rN+ MP-9 Str+3 Dex+4
                  | Necro}
 28268 | D:12     | Identified the +3 leather armour of the Untouchables {Will+
                  | Int-3 Stlth+}
 29078 | D:13     | Reached XP level 16. HP: 101/101 MP: 23/23
 29229 | D:13     | Reached skill level 19 in Ice Magic
 29288 | D:13     | Found a gate to the Vaults.
 30271 | D:14     | Found Joevvach's Changing Room.
 30317 | D:14     | Bought a potion of mutation for 136 gold pieces
 30721 | D:14     | Reached skill level 20 in Ice Magic
 30736 | Abyss:2  | Cast into level 2 of the Abyss (a wizard)
 30865 | Abyss:2  | Noticed a dread lich
 30868 | Abyss:2  | Noticed a Hell Sentinel
 30900 | Abyss:2  | Paralysed by a dread lich for 3 turns
 30907 | Abyss:2  | Killed a dread lich
 31079 | Abyss:2  | Noticed a lich
 31104 | Abyss:2  | Killed a lich
 31107 | D:14     | Escaped the Abyss
 31433 | Temple   | Fell from the grace of Elyvilon
 31433 | Temple   | Became a worshipper of the Shining One
 31433 | Temple   | Reached * piety under the Shining One
 31459 | Temple   | Fell from the grace of the Shining One
 31459 | Temple   | Became a worshipper of Elyvilon the Healer
 31601 | Snake:1  | Entered Level 1 of the Snake Pit
 31899 | Snake:1  | Noticed Frances
 31922 | Snake:1  | Killed Frances
 32540 | Snake:1  | Noticed Aizul
 32553 | Snake:1  | Killed Aizul
 32922 | Snake:1  | Reached XP level 17. HP: 106/106 MP: 26/26
 33914 | Snake:2  | Reached skill level 21 in Ice Magic
 34302 | Snake:2  | Found a transporter.
 34308 | Snake:2  | Identified the amulet of Omawuhio {Reflect -Tele rF+ Str+4
                  | Slay+3 SH+5}
 34339 | Snake:2  | Found a transporter.
 34654 | Temple   | Fell from the grace of Elyvilon
 34654 | Temple   | Became a worshipper of the Shining One
 35898 | Snake:4  | Entered Level 4 of the Snake Pit
 36049 | Snake:4  | Found Jilaaxzu's Jewellery Boutique.
 36049 | Snake:4  | Found Urghyth's Book Emporium.
 36050 | Snake:4  | Found Iriostitt's Book Emporium.
 36110 | Snake:4  | Reached skill level 22 in Ice Magic
 36208 | Snake:4  | Learned a level 2 spell: Lesser Beckoning
 36211 | Snake:4  | Learned a level 2 spell: Blink
 37006 | Snake:4  | Noticed Vashnia
 37021 | Snake:4  | Shot with an arrow by Vashnia

Illustrated notes

Levels and vault maps discovered:
D:1:      dpeg_arrival_shrine, layout_basic
D:2:      layout_rooms, kennysheep_pointless_box,
          chequers_serial_rivers_micro_b, uniq_sigmund
D:3:      layout_basic, zin_purify, serial_shops, shop, hangedman_decor_lopped,
          st_stairs_5
D:4:      layout_cave_pods, uniq_menkaure
D:5:      wad_lake_hut, layout_loops_ring, ashenzari_conservatory_becter,
          amcnicky_altar_gilded, lemuel_blue_sif_altar,
          minmay_temple_entry_grid, hangedman_abyss_or_decor_stabs,
          nicolae_nh_ransacked_shop, uniq_ijyb, uniq_pikel
D:6:      layout_cave_pools, nicolae_overflow_crystal_walls, serial_shops,
          nicolae_shop_overgrown_old_shop, chequers_serial_rivers_micro_d,
          nicolae_sextant, st_stairs_12
D:7:      layout_basic, kennysheep_little_box, nicolae_yredelemnul_corpse_copse
D:8:      layout_rooms, serial_shops, shop_fountains, enter_bailey_2
D:9:      layout_irregular_city, kennysheep_mini_moat,
          mainiacjoe_overflow_paths, david_lair_shrubbed,
          minmay_misc_feat_hallway, uniq_harold
D:10:     layout_long_grid, uniq_urug
D:11:     layout_roguey, zombieorc2_lemuel, serial_rivers,
          chequers_serial_rivers_micro_b, chequers_serial_rivers_large_b,
          chequers_serial_rivers_room_b, chequers_serial_rivers_micro_e,
          chequers_serial_rivers_micro_a
D:12:     layout_basic, portal_ice_cave_demonic_guard, minmay_fountain_box,
          hex_intersection, chequers_serial_rivers_marsh,
          hangedman_abyss_or_decor_passed
D:13:     layout_roguey, david_vaults_2
D:14:     nzn_winding_woodlands_medium [nzn_winding_woodlands_5x5_perimeter,
          nzn_winding_woodlands_5x15_twine, nzn_winding_woodlands_5x5_three,
          nzn_winding_woodlands_5x5_cross,
          nzn_winding_woodlands_center_pierced_h,
          nzn_winding_woodlands_hourglass,
          nzn_winding_woodlands_5x5_closed_star,
          nzn_winding_woodlands_5x15_split_checker,
          nzn_winding_woodlands_5x5_open_star], layout_small_grid,
          chequers_serial_rivers_micro_b, small_statue_alley_a,
          nicolae_transmutations_shop
Temple:   nicolae_temple_bog_church
Lair:1:   layout_small_grid, chequers_serial_rivers_marsh, beast_lair_carwin_9,
          grunt_megastairs_3, lemuel_fruit_tree, lemuel_fruit_fields,
          infiniplex_staircase_pool_2, serial_bayou_shore_a
Lair:2:   layout_chaotic_city, alex1729_snake_entry_snake, kennysheep_rathole
Lair:3:   layout_regular_city, nicolae_shoals_entry_roost,
          infiniplex_staircase_pool
Lair:4:   layout_big_grid, nicolae_slime_entry_field_trip, basic_altar
Lair:5:   evilmike_catoblepas_cave, layout_cave_pods, wad_woods_river_01,
          grunt_megastairs_2
Snake:1:  layout_rooms, uniq_frances, uniq_aizul
Snake:2:  gammafunk_sealed_arena, layout_cave_shapes,
          nicolae_snake_gridmaze_swirls
Snake:3:  layout_onion
Snake:4:  johnstein_snake_rune_scales, layout_misc_corridors, st_stairs_10,
          nicolae_triple_integral, minmay_shop_grove
Orc:1:    layout_caves, uniq_sonja
Orc:2:    pf_orc_diabolical, layout_caves, serial_shops, shop

Skill      XL: |  1  2  3  4  5  6  7  8  9 10 11 12 13 14 15 16 17 |
---------------+----------------------------------------------------+-----
Maces & Flails | 1 2 |  2.0
Fighting       | 2 |  2.0
Evocations     | 5 6 8 9 10 | 10.0
Dodging        | 2 |  2.0
Ice Magic      | 2 3 6 7 8 10 12 15 18 20 22 | 22.8
Invocations    | 4 8 10 12 | 12.1
Staves         | 7 11 | 11.9
Spellcasting   | 4 |  4.0
Hexes          | 4 |  4.0
Conjurations   | 4 |  4.0
Translocations | 2 |  2.3
Armour         | |  2.0
Stealth        | |  1.0

Action                     |  1- 3 |  4- 6 |  7- 9 | 10-12 | 13-15 | 16-18 || total
---------------------------+-------+-------+-------+-------+-------+-------++-------
  Melee: Club              |   129 |    25 |       |       |       |       ||   154
         Punch             |     3 |     1 |       |       |       |       ||     4
         Mace              |       |    97 |    58 |       |       |       ||   155
         Flail             |       |       |   215 |   389 |       |       ||   604
         Staff             |       |       |       |   203 |  1072 |   728 ||  2003
  Throw: Throwing net      |       |       |       |     1 |       |     1 ||     2
         Dart              |       |       |       |       |       |     5 ||     5
   Cast: Ozocubu's Armour  |       |       |       |       |    58 |    33 ||    91
         Summon Ice Beast  |       |       |       |       |    34 |     1 ||    35
         Hailstorm         |       |       |       |       |    59 |     3 ||    62
         Metabolic Englaci |       |       |       |       |    17 |       ||    17
 Invoke: Purification      |       |       |     1 |    15 |    20 |     6 ||    42
         Heal Other        |       |       |       |     7 |     4 |     3 ||    14
         Heal Self         |       |       |       |     4 |    15 |     5 ||    24
Ability: Evoke Invisibilit |       |       |       |     1 |       |       ||     1
  Evoke: Wand              |     4 |     3 |    29 |    57 |    62 |     6 ||   161
         Condenser vane    |       |       |       |     3 |     2 |     2 ||     7
         Phantom mirror    |       |       |       |       |     2 |     1 ||     3
    Use: Scroll            |     5 |     1 |     5 |    12 |    10 |     7 ||    40
         Potion            |       |       |       |     1 |     3 |     1 ||     5
   Stab: Invisible         |       |       |       |     3 |     4 |     3 ||    10
         Distracted        |       |       |       |       |     4 |       ||     4
         Paralysed         |       |       |       |       |    10 |     2 ||    12
         Sleeping          |       |       |       |       |     1 |     3 ||     4
 Armour: Leather armour    |    86 |    79 |    50 |   168 |   467 |       ||   850
         Ring mail         |       |       |   106 |   179 |       |       ||   285
         Animal skin       |       |       |       |       |    41 |   351 ||   392
  Dodge: Dodged            |    79 |    89 |   278 |   494 |   636 |   297 ||  1873

Table legend: (Time is in decaauts)
 A = Elapsed time spent in this place.
 B = Non-inter-level travel time spent in this place.
 C = Inter-level travel time spent in this place.
 D = Time resting spent in this place.
 E = Time spent auto-exploring this place.
 F = Levels seen in this place.
 G = Mean time per level.
                   A        B        C        D        E       F      G
               +--------+--------+--------+--------+--------+-----+--------+
         Total |  38224 |  36166 |   2058 |  11367 |  17147 |  29 | 1318.1 |
       Dungeon |  16692 |  15386 |   1306 |   2753 |   9211 |  14 | 1192.3 |
        Temple |     93 |     25 |     68 |      0 |      0 |   1 |   93.0 |
          Lair |   8876 |   8436 |    440 |   3024 |   3998 |   5 | 1775.2 |
     Snake Pit |   5258 |   5109 |    149 |   1779 |   2085 |   4 | 1314.5 |
  Orcish Mines |   3484 |   3390 |     94 |   1751 |   1066 |   2 | 1742.0 |
         Abyss |    351 |    351 |      0 |    102 |     30 |   1 |  351.0 |
        Bailey |   1221 |   1221 |      0 |    682 |    178 |   1 | 1221.0 |
      Ice Cave |   2246 |   2246 |      0 |   1274 |    578 |   1 | 2246.0 |
               +--------+--------+--------+--------+--------+-----+--------+

Top non-repeatable levels by time:
   Orc:2: 2823 daAuts
  Lair:5: 2263 daAuts
   IceCv: 2246 daAuts
  Lair:1: 1880 daAuts
 Snake:1: 1869 daAuts
     D:9: 1791 daAuts
  Lair:3: 1699 daAuts
  Lair:2: 1690 daAuts
    D:11: 1617 daAuts
     D:5: 1585 daAuts
    D:10: 1384 daAuts
     D:1: 1382 daAuts
     D:7: 1346 daAuts
  Lair:4: 1342 daAuts
  Bailey: 1221 daAuts
